 Dungeon Crawl Stone Soup version 0.18-a0-1147-g8e8348b (webtiles) character file.

36198 Reinor the Brawler (level 13, -25/131 HPs)
             Began as a Troll Monk on Jan 22, 2016.
             Annihilated by an acid blob (30 damage)
             ... on level 6 of the Lair of Beasts.
             The game lasted 00:58:12 (17175 turns).

Reinor the Brawler (Troll Monk)                    Turns: 17175, Time: 00:58:12

Health: -25/131    AC:  3    Str: 20    XL:     13   Next: 51%
Magic:  10/10      EV: 17    Int:  6    God:
Gold:   1488       SH:  0    Dex: 16    Spells: 1 memorised, 10 levels left

rFire  . . .     SeeInvis .       - Unarmed
rCold  . . .     Gourm    +     M - +2 robe {Archmagi}
rNeg   . . .     Faith    .     (no shield)
rPois  +         Spirit   .     q - +1 hat
rElec  .         Dismiss  +     (no cloak)
rCorr  .         Reflect  .     (gloves unavailable)
SustAt .         Harm     .     (boots unavailable)
MR     +....     Rnd*Rage +     y - amulet of dismissal
Stlth  ++........               m - +2 ring of dexterity
                                u - ring of poison resistance

@: lethally poisoned (-25 -> -25), corroded equipment, studying Dodging,
somewhat resistant to hostile enchantments, unstealthy
A: unfitting armour, claws 3, berserk 1, blurry vision 2, clumsy 1, deformed
body, fast metabolism 3, gourmand, low mp 1, magic resistance 1, regeneration 2,
screaming 1, shaggy fur 1, tough skin 2, weak 1, MP-powered wands
a: no special abilities


You were on level 6 of the Lair of Beasts.
You were very full.

You visited 4 branches of the dungeon, and saw 21 of its levels.

You collected 1488 gold pieces.

Inventory:

Missiles
 c - 6 large rocks (quivered)
Armour
 q - a +1 hat (worn)
 E - a +0 shield
 M - a +2 robe of the Archmagi (worn)
Jewellery
 m - a +2 ring of dexterity (right claw)
 u - a ring of poison resistance (left claw)
 y - an amulet of dismissal (around neck)
 B - an uncursed ring of stealth
 F - an uncursed ring of positive energy
Wands
 v - a wand of digging (6/24)
 w - a wand of heal wounds (7/9)
 z - a wand of enslavement (13/24)
 A - a wand of disintegration (15/24)
 O - a wand of fire (4/15)
 Q - a wand of hasting (6/9)
Scrolls
 i - 4 scrolls of enchant armour
 j - 3 scrolls of fear
 p - 6 scrolls of remove curse
 x - 3 scrolls of teleportation
 H - a scroll of immolation
 N - a scroll of identify
Potions
 e - 6 potions of heal wounds
 f - 2 potions of flight
 g - 2 potions of lignification
 h - a potion of invisibility
 n - 3 potions of haste
 o - 4 potions of brilliance
 r - 4 potions of curing
 s - 2 potions of might
 t - a potion of agility
 D - a potion of ambrosia
 G - a potion of magic
Books
 J - a manual of Dodging
Miscellaneous
 C - a plain deck of defence {drawn: 2}
 K - a plain deck of escape
 L - an ornate deck of defence
Comestibles
 b - 14 bread rations
 d - 5 meat rations
 k - 3 beef jerkies
 l - 2 slices of pizza
 I - 18 fruits


   Skills:
 - Level 9.0 Fighting
 + Level 11.8 Dodging
 - Level 1.1 Stealth
 - Level 16.1 Unarmed Combat


You had 10 spell levels left.
You knew the following spells:

 Your Spells              Type           Power        Failure   Level  Hunger
a - Repel Missiles        Chrm/Air       #.....       77%         2    ###....


Dungeon Overview and Level Annotations

Branches:
Dungeon (11/15)            Temple (1/1) D:6            Lair (7/8) D:11
 Shoals (0/4) Lair:6       Spider (0/4) Lair:4        Slime (2/6) Lair:6
    Orc: D:9-12

Altars:
Ashenzari
Cheibriados
Dithmenos
Elyvilon
Fedhas
Gozag
Kikubaaqudgha
Makhleb
Nemelex Xobeh
Okawaru
Pakellas
Qazlal
Ru
Sif Muna
Trog
Vehumet
Xom
Yredelemnul
Zin
The Shining One

Shops:
D:8 *


Innate Abilities, Weirdness & Mutations

You are too large for most types of armour.
You have claws for hands.
Your metabolism is lightning-fast.
You like to eat raw meat.
You heal very quickly.
You are covered in fur (AC +1).
You have very tough skin (AC +2).
You tend to lose your temper in combat.
Scrolls take you longer to read.
You are clumsy. (Dex -2)
Armour fits poorly on your strangely shaped body.
Your magical capacity is low (-10% MP).
You are resistant to hostile enchantments.
You occasionally shout uncontrollably at your foes.
You are weak. (Str -2)
You expend magic power (3 MP) to strengthen your wands.


Message History

You feel sick. The acid blob spits acid at you. The splash of acid misses you.
The acid blob hits you!
* * * LOW HITPOINT WARNING * * *
You are splashed with acid!
The acid burns!
* * * LOW HITPOINT WARNING * * *
The acid blob spits acid at you. The splash of acid hits you!
* * * LOW HITPOINT WARNING * * *
The acid corrodes you!
The acid burns!
* * * LOW HITPOINT WARNING * * *
Read which item? (? for menu, Esc to quit)
Okay, then.
Drink which item? (? for menu, Esc to quit)
Okay, then.
Read which item? (? for menu, Esc to quit)
Really read with blurry vision while enemies are nearby?
You feel sick. The acid blob hits you!!
You die...

##....#..........................
.####.##.##......................
## ######...P..........P.....<..
P#####.#.##......................
.P##......#...........#..........
.###.............................
...#...........†.................
...##............J...............
.........PP#....@................
...........P†....................
..♣PP..P....>................(...
..♣♣♣P..PP♣..............#......P
..♣P♣.♣♣P.P♣.............#....P##
[P.♣.♣PP♣P...P.........###.#.####
..P..♣P♣.♣♣.♣♣...........#####
..≈..P.♣.♣.♣.............#
.≈≈≈...♣♣.♣P............##


You could see an acid blob.

Vanquished Creatures
  Kirke (Lair:6)
  3 death yaks
  A hill giant (D:9)
  Pikel (D:7)
  The ghost of Yendor the Thaumaturge, a novice DEFE of Sif Muna (D:8)
  2 shining eyes
  A griffon (Lair:6)
  A manticore (Lair:6)
  A black mamba (Lair:7)
  6 elephants (Lair:5)
  7 spiny frogs
  A centaur skeleton (D:10)
  11 komodo dragons
  3 fire drakes
  8 slime creatures
  Grinder (D:4)
  5 blink frogs
  5 spriggans
  2 wyverns (D:8)
  4 basilisks
  3 hogs (Lair:6)
  28 yaks
  11 hippogriffs
  13 wolves
  The ghost of Reinor the Insei, an amateur OpCK of Xom (D:3)
  A mottled dragon (Lair:5)
  13 water moccasins
  12 porcupines
  Duvessa (D:5)
  4 orc warriors
  3 sky beasts
  5 black bears
  An eye of draining (Slime:1)
  5 ice beasts
  2 wasps
  6 ogres
  5 centaurs
  17 crocodiles
  2 big kobolds
  Blork the orc (D:5)
  7 giant frogs
  Dowan (D:5)
  A vampire bat (D:3)
  4 wights
  3 crimson imps
  3 giant frog zombies
  2 hounds
  A quasit (D:7)
  2 orc priests
  7 jellies
  An iron imp (D:5)
  12 iguanas
  Terence (D:2)
  A giant frog skeleton (D:8)
  4 orc wizards
  8 worker ants
  2 sheep (Lair:6)
  2 hound skeletons
  Robin (D:2)
  104 river rats
  7 adders
  3 shadow imps
  An ooze (D:4)
  2 adder skeletons
  5 worms
  5 giant geckos
  27 orcs
  3 bat skeletons (D:3)
  2 bat zombies (D:3)
  8 giant cockroaches
  13 goblins
  15 hobgoblins
  4 jackals
  5 quokkas
  8 bats
  7 giant newts
  12 kobolds
  7 rats
  3 fungi (Lair:6)
  2 plants
505 creatures vanquished.

Vanquished Creatures (collateral kills)
  3 kobolds (D:8)
3 creatures vanquished.

Vanquished Creatures (others)
  3 slaves (D:8)
  An orc (D:8)
  A kobold (D:8)
  A quokka skeleton (D:8)
  A bush (Lair:7)
  10 fungi
  5 plants
22 creatures vanquished.

Grand Total: 530 creatures vanquished

Notes
Turn   | Place    | Note
--------------------------------------------------------------
     0 | D:1      | Reinor the Troll Monk began the quest for the Orb.
     0 | D:1      | Reached XP level 1. HP: 22/22 MP: 0/0
   190 | D:1      | Reached XP level 2. HP: 10/29 MP: 1/1
   715 | D:2      | Reached skill level 5 in Unarmed Combat
   719 | D:2      | Reached XP level 3. HP: 32/36 MP: 2/2
   824 | D:2      | Noticed Terence
   829 | D:2      | Killed Terence
  1064 | D:2      | Reached XP level 4. HP: 35/44 MP: 3/3
  1261 | D:2      | Noticed Robin
  1278 | D:2      | Killed Robin
  1563 | D:3      | Noticed a black bear
  1570 | D:2      | Killed a black bear
  1570 | D:2      | Reached XP level 5. HP: 21/50 MP: 4/4
  1757 | D:3      | Found a faded altar to an unknown god.
  1801 | D:3      | Noticed Reinor's ghost (amateur OpCK)
  1822 | D:3      | Killed Reinor's ghost
  1822 | D:3      | Reached skill level 5 in Dodging
  1822 | D:3      | Reached XP level 6. HP: 59/59 MP: 5/5
  2106 | D:3      | Found an ancient bone altar of Kikubaaqudgha.
  2180 | D:4      | Noticed Grinder
  2408 | D:4      | Reached XP level 7. HP: 66/66 MP: 6/6
  2636 | D:4      | Killed Grinder
  2636 | D:4      | Reached skill level 6 in Dodging
  2699 | D:5      | Entered Level 5 of the Dungeon
  2848 | D:5      | Found a snail-covered altar of Cheibriados.
  2909 | D:5      | Reached skill level 7 in Dodging
  3013 | D:5      | Noticed Dowan
  3013 | D:5      | Noticed Blork the orc
  3015 | D:5      | Noticed Duvessa
  3025 | D:5      | Killed Blork the orc
  3025 | D:5      | Reached XP level 8. HP: 74/74 MP: 7/7
  3057 | D:5      | Killed Duvessa
  3080 | D:5      | Killed Dowan
  3080 | D:5      | Reached skill level 8 in Dodging
  3095 | D:5      | Gained mutation: You expend magic power (3 MP) to strengthen your wands. [potion of mutation]
  3095 | D:5      | Gained mutation: You are clumsy. (Dex -2) [potion of mutation]
  3095 | D:5      | Gained mutation: You are resistant to hostile enchantments. [potion of mutation]
  3574 | D:6      | Found a staircase to the Ecumenical Temple.
  3601 | Temple   | Entered the Ecumenical Temple
  3834 | D:6      | Noticed an air elemental
  3835 | D:6      | Found a stormy altar of Qazlal.
  4557 | D:6      | Reached skill level 5 in Fighting
  4557 | D:6      | Reached XP level 9. HP: 67/88 MP: 8/8
  4801 | D:7      | Found a blossoming altar of Fedhas.
  5046 | D:7      | Found a basalt altar of Yredelemnul.
  5484 | D:8      | Noticed Yendor's ghost (novice DEFE)
  5496 | D:8      | HP: 3/88 [Yendor's ghost (19)]
  5722 | D:8      | Reached skill level 9 in Unarmed Combat
  5825 | D:8      | Noticed Pikel
  5848 | D:7      | Killed Pikel
  5848 | D:7      | Reached skill level 10 in Unarmed Combat
  5866 | D:8      | Reached XP level 10. HP: 82/96 MP: 9/9
  5898 | D:8      | Killed Yendor's ghost
  5898 | D:8      | Reached skill level 11 in Unarmed Combat
  6719 | D:8      | Found Ucou's General Store.
  7265 | D:9      | Noticed a hill giant
  7283 | D:9      | Killed a hill giant
  7454 | D:10     | Entered Level 10 of the Dungeon
  8119 | D:10     | Reached XP level 11. HP: 58/109 MP: 10/10
  8233 | D:10     | Reached skill level 10 in Dodging
  8333 | D:11     | Found a staircase to the Lair.
  8491 | Lair:1   | Entered Level 1 of the Lair of Beasts
  9219 | Lair:1   | Learned a level 2 spell: Repel Missiles
 11173 | Lair:3   | Reached XP level 12. HP: 80/123 MP: 11/11
 11639 | Lair:4   | Found a hole to the Spider Nest.
 11642 | Lair:4   | Noticed a seven-headed hydra
 11924 | Lair:4   | Reached skill level 12 in Unarmed Combat
 12643 | Lair:5   | Identified a scroll of acquirement
 12741 | Lair:5   | Reached skill level 13 in Unarmed Combat
 12853 | Lair:5   | Noticed a death yak
 12854 | Lair:5   | Noticed a death yak
 12855 | Lair:5   | Noticed a death yak
 13037 | Lair:4   | Killed a death yak
 13131 | Lair:4   | Killed a death yak
 13241 | Lair:5   | Killed a death yak
 13410 | Lair:5   | Reached skill level 14 in Unarmed Combat
 14196 | Lair:6   | Reached XP level 13. HP: 131/131 MP: 12/12
 14219 | Lair:6   | Noticed Kirke
 14242 | Lair:6   | Noticed a sphinx
 14384 | Lair:6   | Found a staircase to the Shoals.
 14425 | Lair:6   | Reached skill level 15 in Unarmed Combat
 14721 | Lair:6   | Killed Kirke
 14881 | Lair:6   | Found a staircase to the Slime Pits.
 15156 | Slime:1  | Entered Level 1 of the Pits of Slime
 15156 | Slime:1  | Noticed an acid blob
 15167 | Lair:6   | Gained mutation: You are weak. (Str -2) [a shining eye]
 15363 | Slime:1  | Noticed an acid blob
 15579 | Slime:2  | Gained mutation: You tend to lose your temper in combat. [a shining eye]
 15580 | Slime:2  | Gained mutation: Your magical capacity is low (-10% MP). [a shining eye]
 16040 | Slime:2  | Gained mutation: You occasionally shout uncontrollably at your foes. [a shining eye]
 16043 | Slime:2  | Noticed an acid blob
 16065 | Slime:1  | Gained mutation: Scrolls take you a little longer to read. [a shining eye]
 16076 | Slime:1  | Gained mutation: Scrolls take you longer to read. [a shining eye]
 16079 | Slime:1  | Gained mutation: Armour fits poorly on your strangely shaped body. [a shining eye]
 16172 | Slime:1  | Reached skill level 16 in Unarmed Combat
 17174 | Lair:6   | HP: 6/131 [acid (11)]
 17175 | Lair:6   | Annihilated by an acid blob

Vault maps used:
D:1:      dpeg_arrival_lava_temple_mockup, monster_avoids_cloud
D:2:      minmay_door_path, kennysheep_crisscross, uniq_terence, uniq_robin
D:3:      kennysheep_vampire_church, first_bread, ecumenical_altar_1
D:4:      uniq_grinder
D:5:      slow_altar_1, uniq_duvessa, uniq_blork_the_orc
D:6:      nicolae_qazlal_style_of_elements, minmay_temple_entry_crystal_x
D:7:      kennysheep_mini_moat, nicolae_overflow_crystal_walls, the_bakery
D:8:      serial_shops, kennysheep_mini, serial_co_window_serial,
          co_window_paths_b, co_window_of_opportunity_a, co_window_paths_a,
          co_window_of_opportunity_a, co_window_of_opportunity_a,
          co_window_broadway_c, co_window_paths_c, co_window_paths_c,
          co_window_2corner, co_window_unsneaky_path_b, co_window_broadway_c,
          glass_columns_c, glass_columns_c, glass_columns_a, glass_columns_c,
          glass_columns_a, uniq_pikel
D:11:     minmay_lair_entry_grove, hiddenorc1_lemuel
Temple:   nicolae_temple_no_exploring_needed
Lair:1:   grunt_forest_large_clearing_hut
Lair:2:   grunt_forest_large_clearings, grunt_megastairs_4
Lair:4:   dummy_spider_entry
Lair:5:   bobbens_dragon_lair_wall
Lair:6:   minmay_shoals_entry_beasts, slime_dummy,
          nicolae_quartered_pool_little, wad_woods_02,
          infiniplex_staircase_pool_2, uniq_kirke
Slime:2:  basic_altar

Action                   |  1- 3 |  4- 6 |  7- 9 | 10-12 | 13-15 || total
-------------------------+-------+-------+-------+-------+-------++-------
Melee: Unarmed           |   100 |   118 |   350 |   975 |   260 ||  1803
Throw: Large rock        |       |     9 |    10 |       |       ||    19
Evoke: Wand              |       |       |       |     1 |     2 ||     3
       Deck              |       |       |       |       |     2 ||     2
  Use: Scroll            |     8 |     1 |    10 |    13 |     4 ||    36
       Potion            |       |     1 |     3 |     7 |     1 ||    12
 Stab: Sleeping          |     3 |     1 |     3 |     6 |       ||    13
       Distracted        |       |       |     1 |     2 |     1 ||     4
  Eat: Chunk             |    15 |    10 |    34 |    72 |    28 ||   159
       Fruit             |       |       |       |     5 |       ||     5
